MLB
LOS ANGELES DODGERS @ PHILADELPHIA PHILLIES
03/04/2019
 
TOP OF THE 1ST
Los Angeles Dodgers batting - Pitching for Philadelphia Phillies : RHP Emmanuel Ramirez
Pitching: RHP Emmanuel Ramirez
Batting: LHB Brett Gardner 0-0: Ball
1-0: Swinging Strike
1-1: Called Strike
1-2: Strikes out swinging
Batting: SHB Wilmer Difo 0-0: Called Strike
0-1: Bunt for hit to 2R - play at first, batter OUT! 2-3
Batting: RHB Mookie Betts 0-0: Foul Ball, location: 2F
0-1: Called Strike
0-2: Foul Ball, location: 2F
0-2: Strikes out swinging
Top of the 1st over - 0 runs, 0 hits, 0 errors, 0 left on base; Los Angeles 0 - Philadelphia 0
BOTTOM OF THE 1ST
Philadelphia Phillies batting - Pitching for Los Angeles Dodgers : RHP Sonny Gray
Pitching: RHP Sonny Gray
Batting: LHB Leonys Martin 0-0: Called Strike
0-1: Ball
1-1: Ground out 1-3 (Groundball, 23, EV 83.1 MPH)
Batting: SHB Ketel Marte 0-0: Foul Ball, location: 2F
0-1: Ball
1-1: Called Strike
1-2: Ball
2-2: Ground out 1-3 (Groundball, 34S, EV 80.6 MPH)
Batting: RHB Jesus Aguilar 0-0: Ball
1-0: Ball
2-0: Called Strike
2-1: Ground out 5-3 (Groundball, 56S, EV 82.5 MPH)
Bottom of the 1st over - 0 runs, 0 hits, 0 errors, 0 left on base; Los Angeles 0 - Philadelphia 0
TOP OF THE 2ND
Los Angeles Dodgers batting - Pitching for Philadelphia Phillies : RHP Emmanuel Ramirez
Batting: RHB Josh Donaldson 0-0: Called Strike
0-1: Called Strike
0-2: Ball
1-2: Ball
2-2: Foul Ball, location: 2F
2-2: Strikes out looking
Batting: RHB Randal Grichuk 0-0: Called Strike
0-1: Ball
1-1: Foul Ball, location: 2F
1-2: Ball
2-2: DOUBLE (Line Drive, 9LS, EV 93.1 MPH)
Batting: RHB Jonathan Schoop 0-0: Ball
1-0: Called Strike
1-1: Ball
2-1: Ball
3-1: DOUBLE (Flyball, 78D, EV 94.4 MPH)
Randal Grichuk scores
Batting: SHB Justin Smoak 0-0: Foul Ball, location: 2F
0-1: Ball
1-1: Ball
2-1: Ball
3-1: Base on Balls
Batting: LHB Tony Wolters 0-0: Ball
1-0: Foul Ball, location: 2F
1-1: Grounds into double play, 4-6-3 (Groundball, 4, EV 77.5 MPH)
Top of the 2nd over - 1 run, 2 hits, 0 errors, 1 left on base; Los Angeles 1 - Philadelphia 0
BOTTOM OF THE 2ND
Philadelphia Phillies batting - Pitching for Los Angeles Dodgers : RHP Sonny Gray
Batting: RHB Giancarlo Stanton 0-0: Ball
1-0: Called Strike
1-1: Ball
2-1: Ball
3-1: Base on Balls
Batting: LHB David Peralta 0-0: Called Strike
0-1: Ball
1-1: Ball
2-1: Called Strike
2-2: Fly out, F7 (Flyball, 7LS, EV 79.4 MPH)
Batting: RHB Todd Frazier 0-0: Ball
1-0: Swinging Strike
1-1: Ball
2-1: Foul Ball, location: 2F
2-2: Strikes out swinging
Batting: RHB Josh Harrison 0-0: Called Strike
0-1: Ball
1-1: Ball
2-1: Ground out 5-3 (Groundball, 56S, EV 86.9 MPH)
Bottom of the 2nd over - 0 runs, 0 hits, 0 errors, 1 left on base; Los Angeles 1 - Philadelphia 0
TOP OF THE 3RD
Los Angeles Dodgers batting - Pitching for Philadelphia Phillies : RHP Emmanuel Ramirez
Batting: RHB Sonny Gray 0-0: SINGLE (Line Drive, 6D, EV 95.6 MPH)
Batting: LHB Brett Gardner 0-0: Ball
1-0: Ball
2-0: Ball
3-0: Called Strike
3-1: Base on Balls
Sonny Gray to second
Batting: SHB Wilmer Difo 0-0: Called Strike
0-1: Called Strike
0-2: Ball
1-2: Ball
2-2: 3-RUN HOME RUN (Flyball, 89XD, EV 92.5 MPH), Distance : 417 ft
Batting: RHB Mookie Betts 0-0: Called Strike
0-1: Called Strike
0-2: Foul Ball, location: 2F
0-2: Ball
1-2: Ball
2-2: Foul Ball, location: 2F
2-2: Strikes out swinging
Batting: RHB Josh Donaldson 0-0: Called Strike
0-1: Swinging Strike
0-2: Foul Ball, location: 2F
0-2: Ball
1-2: Foul Ball, location: 2F
1-2: DOUBLE (Line Drive, 3D, EV 99.4 MPH)
Batting: RHB Randal Grichuk 0-0: Called Strike
0-1: Foul Ball, location: 2F
0-2: Ball
1-2: Ball
2-2: Strikes out looking
Batting: RHB Jonathan Schoop 0-0: Swinging Strike
0-1: SINGLE (Groundball, 6MD, EV 103.1 MPH)
Josh Donaldson to third
Runner from 3rd tries for Home, SAFE, no throw by CF
Pitching: LHP Alex Claudio
Batting: SHB Justin Smoak 0-0: Ball
1-0: Fly out, F9 (Flyball, 9S, EV 93.8 MPH)
Top of the 3rd over - 4 runs, 4 hits, 0 errors, 1 left on base; Los Angeles 5 - Philadelphia 0
BOTTOM OF THE 3RD
Philadelphia Phillies batting - Pitching for Los Angeles Dodgers : RHP Sonny Gray
Batting: RHB Carson Kelly 0-0: Ball
1-0: Ball
2-0: Ball
3-0: Called Strike
3-1: Foul Ball, location: 2F
3-2: Foul Ball, location: 2F
3-2: Foul Ball, location: 2F
3-2: Ground out 4-3 (Groundball, 4, EV 106.3 MPH)
Batting: LHB Alex Claudio 0-0: Ball
1-0: Foul Ball, location: 2F
1-1: Ground out 5-3 (Groundball, 56S, EV 85.6 MPH)
Batting: LHB Leonys Martin 0-0: Called Strike
0-1: Foul Ball, location: 2F
0-2: Foul Ball, location: 2F
0-2: Ball
1-2: Ball
2-2: Ball
3-2: Foul Ball, location: 2F
3-2: Strikes out swinging
Bottom of the 3rd over - 0 runs, 0 hits, 0 errors, 0 left on base; Los Angeles 5 - Philadelphia 0
TOP OF THE 4TH
Los Angeles Dodgers batting - Pitching for Philadelphia Phillies : LHP Alex Claudio
Batting: LHB Tony Wolters 0-0: Ball
1-0: Called Strike
1-1: Ball
2-1: Ball
3-1: Called Strike
3-2: Strikes out swinging
Batting: RHB Sonny Gray 0-0: Swinging Strike
0-1: Ball
1-1: Called Strike
1-2: Strikes out swinging
Batting: LHB Brett Gardner 0-0: Called Strike
0-1: Ball
1-1: Ball
2-1: Ball
3-1: Swinging Strike
3-2: Strikes out looking
Top of the 4th over - 0 runs, 0 hits, 0 errors, 0 left on base; Los Angeles 5 - Philadelphia 0
BOTTOM OF THE 4TH
Philadelphia Phillies batting - Pitching for Los Angeles Dodgers : RHP Sonny Gray
Batting: SHB Ketel Marte 0-0: Ball
1-0: Foul Ball, location: 2F
1-1: Ball
2-1: Foul Ball, location: 2F
2-2: Ground out 6-3 (Groundball, 6, EV 99.4 MPH)
Batting: RHB Jesus Aguilar 0-0: Called Strike
0-1: Ball
1-1: Foul Ball, location: 2F
1-2: Ball
2-2: Foul Ball, location: 2F
2-2: Ball
3-2: Foul Ball, location: 2F
3-2: Foul Ball, location: 2F
3-2: Ground out 5-3 (Groundball, 56S, EV 82.5 MPH)
Batting: RHB Giancarlo Stanton 0-0: Ball
1-0: Ball
2-0: Called Strike
2-1: Swinging Strike
2-2: Strikes out swinging
Bottom of the 4th over - 0 runs, 0 hits, 0 errors, 0 left on base; Los Angeles 5 - Philadelphia 0
TOP OF THE 5TH
Los Angeles Dodgers batting - Pitching for Philadelphia Phillies : LHP Alex Claudio
Batting: SHB Wilmer Difo 0-0: Ball
1-0: Reached on error, E6 (Groundball, 6, EV 77.5 MPH)
Batting: RHB Mookie Betts 0-0: SINGLE (Groundball, 56D, EV 107.5 MPH)
Wilmer Difo to second
Batting: RHB Josh Donaldson 0-0: Called Strike
0-1: Swinging Strike
0-2: Foul Ball, location: 2F
0-2: Foul Ball, location: 2F
0-2: Ball
1-2: Foul Ball, location: 2F
1-2: Ball
2-2: Foul Ball, location: 2F
2-2: Fly out, F7 (Flyball, 7, EV 88.1 MPH)
Batting: RHB Randal Grichuk 0-0: Ball
1-0: Called Strike
1-1: Ball
2-1: DOUBLE (Line Drive, 7LD, EV 107.5 MPH)
Wilmer Difo scores
Mookie Betts to third
Runner from 3rd tries for Home, SAFE, throw by LF to home
Pitching: RHP Juan Florentino
Batting: RHB Jonathan Schoop 0-0: Swinging Strike
0-1: Swinging Strike
0-2: Ball
1-2: Strikes out swinging
Batting: SHB Justin Smoak 0-0: Ball
1-0: Foul Ball, location: 2F
1-1: Ball
2-1: Ball
3-1: Base on Balls
Batting: LHB Tony Wolters 0-0: Called Strike
0-1: Called Strike
0-2: Foul Ball, location: 2F
0-2: Foul Ball, location: 2F
0-2: Ball
1-2: Ball
2-2: Ball
3-2: Strikes out swinging
Top of the 5th over - 2 runs, 2 hits, 1 error, 2 left on base; Los Angeles 7 - Philadelphia 0
BOTTOM OF THE 5TH
Philadelphia Phillies batting - Pitching for Los Angeles Dodgers : RHP Sonny Gray
Pitching: RHP Ty Buttrey
Batting: LHB David Peralta 0-0: Fly out, F6 (Popup, 6MS, EV 77.5 MPH)
Batting: RHB Todd Frazier 0-0: Ball
1-0: Ball
2-0: SINGLE (Flyball, 8LS, EV 95.6 MPH)
Batting: RHB Josh Harrison 0-0: Fly out, F8 (Flyball, 8RS, EV 88.1 MPH)
Batting: RHB Carson Kelly 0-0: Ball
1-0: Called Strike
1-1: Foul Ball, location: 2F
1-2: Strikes out looking
Bottom of the 5th over - 0 runs, 1 hit, 0 errors, 1 left on base; Los Angeles 7 - Philadelphia 0
TOP OF THE 6TH
Los Angeles Dodgers batting - Pitching for Philadelphia Phillies : RHP Juan Florentino
Batting: LHB Ty Buttrey 0-0: Ball
1-0: Foul Ball, location: 2F
1-1: Ground out U3 (Groundball, 3S, EV 83.8 MPH)
Pinch Hitting: LHB Brian Goodwin 0-0: Ball
1-0: Ball
2-0: SINGLE (Groundball, 4MD, EV 103.1 MPH)
Pinch Hitting: SHB Richard Urena 0-0: Called Strike
Brian Goodwin steals 2nd base
0-1: SINGLE (Flyball, 7S, EV 91.9 MPH)
Brian Goodwin to third
Pinch Hitting: RHB Edward Olivares 0-0: Ball
1-0: Fly out, F8 (Line Drive, 8RM, EV 90.6 MPH)
Runner from 3rd tags up, OUT at HOME! 8-2
Top of the 6th over - 0 runs, 2 hits, 0 errors, 1 left on base; Los Angeles 7 - Philadelphia 0
BOTTOM OF THE 6TH
Philadelphia Phillies batting - Pitching for Los Angeles Dodgers : RHP Ty Buttrey
Now at SS: Richard Urena
Now in CF: Brian Goodwin
Now in RF: Edward Olivares
Pinch Hitting: RHB Delino DeShields Jr. 0-0: Ball
1-0: Foul Ball, location: 2F
1-1: Ball
2-1: Foul Ball, location: 2F
2-2: SINGLE (Line Drive, 89M, EV 104.4 MPH)
Batting: LHB Leonys Martin 0-0: Foul Ball, location: 2F
0-1: Ball
1-1: Foul Ball, location: 2F
1-2: DOUBLE (Line Drive, 89XD, EV 96.3 MPH)
Delino DeShields Jr. to third
Batting: SHB Ketel Marte 0-0: Fly out, F8 (Flyball, 8LXD, EV 107.5 MPH)
Runner from 3rd tags up, SCORES, no throw by CF
Leonys Martin to third
Batting: RHB Jesus Aguilar 0-0: Called Strike
0-1: Foul Ball, location: 2F
0-2: Ball
1-2: Strikes out swinging
Batting: RHB Giancarlo Stanton 0-0: Called Strike
0-1: Ball
1-1: Ball
2-1: Ball
3-1: Base on Balls
Batting: LHB David Peralta 0-0: Ground out 1-3 (Groundball, 13S, EV 63.1 MPH)
Bottom of the 6th over - 1 run, 2 hits, 0 errors, 2 left on base; Los Angeles 7 - Philadelphia 1
TOP OF THE 7TH
Los Angeles Dodgers batting - Pitching for Philadelphia Phillies : RHP Juan Florentino
Pitching: RHP Jose Ruiz
Pinch Hitting: RHB David Freese 0-0: Ground out 6-3 (Groundball, 6, EV 104.4 MPH)
Pinch Hitting: LHB Franchy Cordero 0-0: Ball
1-0: Ball
2-0: Ball
3-0: Called Strike
3-1: Foul Ball, location: 2F
3-2: Strikes out swinging
Pinch Hitting: LHB Kevin Kramer 0-0: Ground out 4-3 (Groundball, 4, EV 108.8 MPH)
Top of the 7th over - 0 runs, 0 hits, 0 errors, 0 left on base; Los Angeles 7 - Philadelphia 1
BOTTOM OF THE 7TH
Philadelphia Phillies batting - Pitching for Los Angeles Dodgers : RHP Ty Buttrey
Now at 2B: Kevin Kramer
Now at 3B: David Freese
Now in LF: Franchy Cordero
Batting: RHB Todd Frazier 0-0: Ball
1-0: Ball
2-0: Ball
3-0: Base on Balls
Pitching: RHP Ariel Jurado
Batting: RHB Josh Harrison 0-0: Called Strike
0-1: Called Strike
0-2: Ball
1-2: Ball
2-2: Ball
3-2: Strikes out swinging
Batting: RHB Carson Kelly 0-0: Ball
1-0: Ball
2-0: Fly out, F6 (Line Drive, 6, EV 68.8 MPH)
Pinch Hitting: LHB Nicky Delmonico 0-0: Ball
1-0: Called Strike
1-1: SINGLE (Line Drive, 78S, EV 105.6 MPH)
Todd Frazier to second
Pinch Hitting: RHB Carlos Tocci 0-0: Called Strike
0-1: Swinging Strike
0-2: Ball
1-2: SINGLE (Line Drive, 56D, EV 100.0 MPH)
Todd Frazier to third
Nicky Delmonico to second
Pinch Hitting: RHB Gavin Cecchini 0-0: DOUBLE (Groundball, 3L, EV 106.3 MPH)
Todd Frazier scores
Nicky Delmonico scores
Carlos Tocci to third
Pinch Hitting: LHB Justin Bour 0-0: Ball
1-0: Called Strike
1-1: 3-RUN HOME RUN (Flyball, 9D, EV 105.0 MPH), Distance : 369 ft
Pitching: RHP Matt Festa
Pinch Hitting: RHB Scott Kingery 0-0: Called Strike
0-1: Ball
1-1: Swinging Strike
1-2: Ball
2-2: Ball
3-2: Strikes out swinging
Bottom of the 7th over - 5 runs, 4 hits, 0 errors, 0 left on base; Los Angeles 7 - Philadelphia 6
TOP OF THE 8TH
Los Angeles Dodgers batting - Pitching for Philadelphia Phillies : RHP Jose Ruiz
Pitching: RHP Seung-hwan Oh
Now at 1B: Justin Bour
Now at SS: Scott Kingery
Now in CF: Carlos Tocci
Now in RF: Nicky Delmonico
Pinch Hitting: RHB Josh Fuentes 0-0: Fly out, F9 (Flyball, 89M, EV 90.0 MPH)
Batting: LHB Tony Wolters 0-0: Ball
1-0: Ball
2-0: Ball
3-0: Called Strike
3-1: Base on Balls
Pinch Hitting: RHB Evan Gattis 0-0: Ball
1-0: 2-RUN HOME RUN (Flyball, 8RXD, EV 91.9 MPH), Distance : 442 ft
Batting: LHB Brian Goodwin 0-0: Called Strike
0-1: Ball
1-1: Swinging Strike
1-2: Strikes out looking
Batting: SHB Richard Urena 0-0: Foul Ball, location: 2F
0-1: Swinging Strike
0-2: Strikes out swinging
Top of the 8th over - 2 runs, 1 hit, 0 errors, 0 left on base; Los Angeles 9 - Philadelphia 6
BOTTOM OF THE 8TH
Philadelphia Phillies batting - Pitching for Los Angeles Dodgers : RHP Matt Festa
Pitching: RHP Cody Allen
Now at 1B: Josh Fuentes
Pinch Hitting: SHB Andrew Velazquez 0-0: Foul Ball, location: 2F
0-1: Ball
1-1: Ball
2-1: Foul Ball, location: 2F
2-2: Foul Ball, location: 2F
2-2: Strikes out looking
Batting: RHB Todd Frazier 0-0: Swinging Strike
0-1: Ball
1-1: Swinging Strike
1-2: Ball
2-2: Strikes out swinging
Batting: RHB Josh Harrison 0-0: Ball
1-0: Ball
2-0: Ground out 6-3 (Groundball, 6S, EV 88.1 MPH)
Bottom of the 8th over - 0 runs, 0 hits, 0 errors, 0 left on base; Los Angeles 9 - Philadelphia 6
TOP OF THE 9TH
Los Angeles Dodgers batting - Pitching for Philadelphia Phillies : RHP Seung-hwan Oh
Pitching: RHP Jamie Callahan
Now in LF: Andrew Velazquez
Batting: RHB Edward Olivares 0-0: Ball
1-0: Swinging Strike
1-1: Ball
2-1: Swinging Strike
2-2: Foul Ball, location: 2F
2-2: Strikes out swinging
Batting: RHB David Freese 0-0: Foul Ball, location: 2F
0-1: Foul Ball, location: 2F
0-2: Foul Ball, location: 2F
0-2: Ball
1-2: Ball
2-2: Ball
3-2: Base on Balls
Batting: LHB Franchy Cordero 0-0: Foul Ball, location: 2F
0-1: Called Strike
0-2: Ball
1-2: Strikes out looking
Batting: LHB Kevin Kramer 0-0: Ball
1-0: Called Strike
1-1: Ball
2-1: Foul Ball, location: 2F
2-2: TRIPLE (Line Drive, 89XD, EV 105.6 MPH)
David Freese scores
Batting: RHB Josh Fuentes 0-0: Ball
1-0: Called Strike
1-1: Fly out, F4 (Popup, 4, EV 58.1 MPH)
Top of the 9th over - 1 run, 1 hit, 0 errors, 1 left on base; Los Angeles 10 - Philadelphia 6
BOTTOM OF THE 9TH
Philadelphia Phillies batting - Pitching for Los Angeles Dodgers : RHP Cody Allen
Pitching: RHP Jean Carlos Mejia
Pinch Hitting: RHB Russell Martin 0-0: Ball
1-0: Ball
2-0: Ball
3-0: Base on Balls
Batting: LHB Nicky Delmonico 0-0: Ball
1-0: Called Strike
1-1: Ball
2-1: Foul Ball, location: 2F
2-2: Strikes out swinging
Batting: RHB Carlos Tocci 0-0: Ball
1-0: Ball
2-0: Fly out, F8 (Flyball, 8LD, EV 89.4 MPH)
Pinch Hitting: LHB Brett Sullivan 0-0: Called Strike
0-1: Ball
1-1: Called Strike
1-2: Strikes out swinging
Bottom of the 9th over - 0 runs, 0 hits, 0 errors, 1 left on base; Los Angeles 10 - Philadelphia 6
Thursday, June 6th, 2019 - OOTP Baseball 20.4 Build 40